 Dungeon Crawl Stone Soup version 0.22-a0-460-g49b1da7 (webtiles) character file.

3068 4thArraOfDagon the Carver (level 9, -15/81 HPs)
             Began as a Minotaur Monk on June 9, 2018.
             Was a Priest of Wu Jian.
             Shot with an arrow by a centaur warrior (25 damage)
             ... on level 10 of the Dungeon.
             The game lasted 00:13:45 (2575 turns).

4thArraOfDagon the Carver (Minotaur Monk)           Turns: 2575, Time: 00:13:46

Health: -15/81     AC:  6    Str: 18    XL:     9   Next: 58%
Magic:  19/19      EV: 14    Int: 10    God:    Wu Jian [***...]
Gold:   243        SH:  0    Dex: 13    Spells: 8/11 levels left

rFire    . . .     SeeInvis .   a - +1 falchion
rCold    . . .     Gourm    .   (no shield)
rNeg     . . .     Faith    .   k - +1 ring mail
rPois    .         Spirit   .   (helmet restricted)
rElec    .         Reflect  .   (no cloak)
rCorr    .         Harm     .   (no gloves)
MR       +....     Rnd*Tele +   (no boots)
Stlth    +.........             (no amulet)
HPRegen  0.23/turn              x - ring of magical power
MPRegen  0.16/turn              d - ring of protection from magic

@: about to teleport
A: retaliatory headbutt, horns 2, strong 1, teleportitis 1, wild magic 1
a: Wall Jump, Serpent's Lash, Renounce Religion


You were on level 10 of the Dungeon.
You worshipped Wu Jian.
Wu Jian was most pleased with you.
You were not hungry.

You visited 2 branches of the dungeon, and saw 11 of its levels.

You collected 313 gold pieces.
You spent 70 gold pieces at shops.

Inventory:

Hand Weapons
 a - a +1 falchion (weapon)
 l - the +0 whip "Dragonbane" {flame, rF+}
   (You found it on level 4 of the Dungeon)

   It has been specially enchanted to burn those struck by it, causing extra
   injury to most foes and up to half again as much damage against particularly
   susceptible opponents.
   It protects you from fire.
Armour
 b - a +0 robe
 k - a +1 ring mail (worn)
Jewellery
 d - a ring of protection from magic (right hand)
 h - an uncursed ring of resist corrosion
 x - a ring of magical power (left hand)
Wands
 i - a wand of disintegration (6)
Scrolls
 e - 2 scrolls of enchant weapon
 j - a scroll of noise {unknown}
 m - 2 scrolls of remove curse
 n - 3 scrolls of blinking {unknown}
 p - 5 scrolls of identify {unknown}
 q - 4 scrolls of teleportation
 w - a scroll of torment {unknown}
Potions
 r - a potion of curing
 s - a potion of brilliance {unknown}
 t - a potion of degeneration {unknown}
 v - 2 potions of flight
 z - 3 potions of haste {unknown}
 A - 2 potions of might {unknown}
Comestibles
 c - 8 rations
 g - 8 chunks of flesh


   Skills:
 + Level 7.9 Fighting
 * Level 10.5 Long Blades
 + Level 7.2 Dodging
 - Level 1.5 Stealth
 + Level 1.6 Spellcasting
 * Level 2.6 Charms
 * Level 2.9 Necromancy


You had 8 spell levels left.
You knew the following spells:

 Your Spells              Type           Power        Failure   Level  Hunger
a - Regeneration          Chrm/Necr      #.........   58%         3    ####...

Your spell library contained the following spells:

 Spells                   Type           Power        Failure   Level  Hunger
 Shroud of Golubria       Chrm/Tloc      #.........   54%         2    ###....
 Infusion                 Chrm           #...         28%         1    ##.....
 Song of Slaying          Chrm           #.......     38%         2    ###....
 Spectral Weapon          Hex/Chrm       #.......     78%         3    ####...


Dungeon Overview and Level Annotations

Branches:
Dungeon (10/15)            Temple (1/1) D:6            Lair (0/6) D:8
    Orc: D:9-12

Altars:
Cheibriados
Fedhas
Gozag
Hepliaklqana
Makhleb
Nemelex Xobeh
Qazlal
Sif Muna
Uskayaw
Wu Jian
Zin
The Shining One

Shops:
D:4 !   D:6 *

Annotations:
D:8 Grum


Innate Abilities, Weirdness & Mutations

You reflexively headbutt those who attack you in melee.
You have a pair of horns on your head.
Your muscles are strong. (Str +2)
You are occasionally teleported next to monsters.
Your spells are a little harder to cast, but a little more powerful.


Message History

Things that are here:
a giant club; an enchanted dire flail; a two-headed ogre corpse You butcher the two-headed ogre corpse.
g - 8 chunks of flesh (gained 5)
Things that are here:
a giant club; an enchanted dire flail; a two-headed ogre skeleton
Found an escape hatch in the floor.
Found a leather armour.
There is an escape hatch in the floor here.
A centaur warrior comes into view.
The centaur warrior shouts!
The centaur warrior wields a shortbow.
The centaur warrior shoots an arrow.
The arrow hits you!
* * * LOW HITPOINT WARNING * * *
You see here an arrow.
Unknown command.
As you read the scroll labeled MAKLEM FAXKEIF, it crumbles to dust.
You feel strangely unstable.
It was a scroll of teleportation.
The centaur warrior shoots an arrow.
The arrow hits you!!
You die...

#................
#.##.#........!..
#................
..............>. #
##.#..# # .. ..
..... .# ###
#.##.#.# ..# #
###[##.#.####...#.#
#
#.........(@....c..
#
###.##.#.####......
. #.##.#.####......
# #.##........ ....
# ####......####.
###
#####..>..........
.............#####
###########..# #..#


You could see a centaur warrior.

Vanquished Creatures
  A two-headed ogre (D:10)
  An unseen horror (D:10)
  A troll (D:9)
  Eustachio (D:5)
  A steam dragon (D:9)
  Duvessa (D:6)
  A necrophage (D:8)
  A phantom (D:9)
  A wolf (D:7)
  A gnoll sergeant (D:9)
  2 bullfrogs
  Dowan (D:6)
  A howler monkey (D:5)
  2 crimson imps
  A bullfrog zombie (D:9)
  4 hounds
  A quasit (D:5)
  4 orc priests
  A centaur skeleton (D:10)
  3 orc wizards
  Ijyb (D:5)
  An iguana (D:9)
  5 worker ants
  A hound skeleton (D:7)
  3 gnolls (D:9)
  3 adders
  A shadow imp (D:6)
  2 oozes
  An adder zombie (D:5)
  2 worms
  A dart slug (D:4)
  3 leopard geckos
  17 orcs
  2 ball pythons
  3 bats
  5 giant cockroaches
  8 goblins
  2 hobgoblins
  6 jackals
  6 quokkas
  3 frilled lizards
  3 kobolds
  3 rats
112 creatures vanquished.

Notes
Turn   | Place    | Note
-------+----------+-------------------------------------------
     0 | D:1      | 4thArraOfDagon the Minotaur Monk began the quest for the Orb.
     0 | D:1      | Reached XP level 1. HP: 19/19 MP: 0/0
    97 | D:2      | Reached skill level 4 in Long Blades
   142 | D:2      | Reached XP level 2. HP: 14/27 MP: 1/1
   337 | D:4      | Found Lusojyam's Distillery.
   413 | D:4      | Reached XP level 3. HP: 33/33 MP: 2/2
   420 | D:4      | Got an ebony whip
   421 | D:4      | Identified the cursed +0 whip "Dragonbane" {flame, rF+} (You found it on level 4 of the Dungeon)
   451 | D:5      | Entered Level 5 of the Dungeon
   563 | D:7      | Noticed an orc warrior
   644 | D:7      | Noticed a hippogriff
   696 | D:6      | Found Biroum's General Store.
   719 | D:6      | Noticed a sky beast
   791 | D:6      | Noticed Dowan
   792 | D:6      | Noticed Duvessa
   793 | D:6      | Noticed a bullfrog
   806 | D:6      | Gained mutation: Your spells are a little harder to cast, but a little more powerful. [potion of mutation]
   806 | D:6      | Gained mutation: You are occasionally teleported next to monsters. [potion of mutation]
   806 | D:6      | Gained mutation: Your muscles are strong. (Str +2) [potion of mutation]
   822 | D:6      | Killed Duvessa
   822 | D:6      | Reached skill level 5 in Long Blades
   822 | D:6      | Reached XP level 4. HP: 41/41 MP: 3/3
   822 | D:6      | Reached XP level 5. HP: 47/47 MP: 4/4
   823 | D:6      | Killed Dowan
   828 | D:6      | Reached skill level 5 in Fighting
   828 | D:6      | Reached skill level 6 in Long Blades
   872 | D:6      | Found a staircase to the Ecumenical Temple.
   881 | Temple   | Entered the Ecumenical Temple
   888 | Temple   | Became a worshipper of the Wu Jian Council
   888 | Temple   | Reached * piety under Wu Jian
   888 | Temple   | Reached ** piety under Wu Jian
   968 | D:5      | Reached XP level 6. HP: 29/56 MP: 5/5
  1052 | D:4      | Bought a potion of heal wounds for 70 gold pieces
  1377 | D:5      | Sergey: !watch .
  1377 | D:5      | Reached skill level 5 in Dodging
  1379 | D:5      | XtahuaRules: http://crawl.xtahua.com:8080/#watch-Sergey
  1391 | D:5      | Noticed Eustachio
  1400 | D:5      | Killed Eustachio
  1400 | D:5      | Reached skill level 7 in Long Blades
  1400 | D:5      | Reached XP level 7. HP: 62/62 MP: 6/6
  1438 | D:5      | Noticed Ijyb
  1451 | D:5      | Killed Ijyb
  1479 | D:5      | Sergey: need some help
  1710 | D:8      | Reached skill level 8 in Long Blades
  1762 | D:8      | Found a staircase to the Lair.
  1762 | D:8      | Noticed an elephant
  1762 | D:8      | Noticed Grum
  1762 | D:8      | Noticed a yak
  1762 | D:8      | Noticed a basilisk
  1863 | D:7      | Reached *** piety under Wu Jian
  1868 | D:7      | Reached XP level 8. HP: 48/70 MP: 7/7
  1911 | D:8      | 4thArraOfDagon: sec
  1980 | D:8      | Reached skill level 9 in Long Blades
  2104 | D:9      | Learned a level 3 spell: Regeneration
  2173 | D:9      | HP: 5/108 [steam dragon] (3)]
  2228 | D:9      | Noticed a troll
  2238 | D:9      | Killed a troll
  2238 | D:9      | Reached skill level 1 in Charms
  2238 | D:9      | Reached skill level 1 in Necromancy
  2241 | D:9      | :(
  2272 | D:10     | Entered Level 10 of the Dungeon
  2297 | D:10     | Noticed a wizard
  2297 | D:10     | Noticed a red ugly thing
  2490 | D:10     | Killed an unseen horror
  2490 | D:10     | Reached skill level 10 in Long Blades
  2490 | D:10     | Reached skill level 1 in Spellcasting
  2490 | D:10     | Reached XP level 9. HP: 21/80 MP: 9/9
  2500 | D:10     | Noticed a two-headed ogre
  2504 | D:10     | HP: 4/80 [two-headed ogre/giant club (21)]
  2506 | D:10     | Killed a two-headed ogre
  2573 | D:10     | Noticed a centaur warrior
  2575 | D:10     | Shot with an arrow by a centaur warrior

Vault maps used:
D:1:      erik_arrival_gehennom
D:2:      first_ration, uniq_natasha
D:3:      portal_sewer_entry_e
D:4:      serial_shops, shop
D:5:      minmay_opposing_rooms, serial_shops, shop, bh_walls_and_bars,
          uniq_eustachio, uniq_ijyb
D:6:      minmay_temple_entry_grid, serial_shops, nicolae_shop_window_shopping,
          uniq_duvessa, uniq_menkaure
D:7:      grunt_livestock, grunt_ministairs_6, nrook_uturn, hex_large
D:8:      overflow_temple_1_default, david_lair_generic, minmay_misc_feat_tower,
          uniq_grum, uniq_joseph
D:10:     serial_shops, nicolae_shop_trees, laboratory
Temple:   grunt_wide_crystal_templ

Skill      XL: |  1  2  3  4  5  6  7  8  9 |
---------------+----------------------------+-----
Long Blades    | 4 5 6 7 8 10 | 10.5
Fighting       | 4 5 6 7 |  7.9
Dodging        | 4 5 6 7 |  7.2
Charms         | 2 |  2.6
Necromancy     | 2 |  2.9
Spellcasting   | 1 |  1.6
Stealth        | |  1.5

Action                   |  1- 3 |  4- 6 |  7- 9 || total
-------------------------+-------+-------+-------++-------
Melee: Falchion          |    66 |    70 |   181 ||   317
       Headbutt          |    10 |    15 |    38 ||    63
Invok: Whirlwind         |       |    39 |    61 ||   100
       Wall Jump         |       |     5 |    16 ||    21
       Lunge             |       |     5 |     2 ||     7
Evoke: Wand              |       |       |    20 ||    20
  Use: Potion            |     4 |     2 |     4 ||    10
       Scroll            |     4 |       |     1 ||     5
 Stab: Sleeping          |     4 |     1 |       ||     5
  Eat: Chunk             |       |     2 |     4 ||     6
Armor: Robe              |    15 |       |       ||    15
       Ring mail         |     7 |    14 |    56 ||    77
       Skin              |    53 |     3 |    17 ||    73
Dodge: Dodged            |    48 |    49 |   136 ||   233
       Rpst.: Falchion   |    13 |    15 |    26 ||    54

Table legend:
 A = Spawn XP
 B = Non-spawn XP
 C = Spawn XP percentage of total XP
 D = Spawn monster count
 E = Non-spawn monster count
 F = Spawn count percentage of total count
 G = Total turns spent on level
                    A         B        C        D         E        F      G
               +---------+---------+-------+---------+---------+-------+---------
         Total |       0 |    4384 |   0.0 |       0 |     112 |   0.0 |  2575
               +---------+---------+-------+---------+---------+-------+---------
           D:1 |       0 |      21 |   0.0 |       0 |      14 |   0.0 |   150
           D:2 |       0 |      24 |   0.0 |       0 |       8 |   0.0 |   146
           D:3 |       0 |      48 |   0.0 |       0 |      10 |   0.0 |   228
           D:4 |       0 |      14 |   0.0 |       0 |       6 |   0.0 |   216
           D:5 |       0 |     564 |   0.0 |       0 |      21 |   0.0 |   439
           D:6 |       0 |     332 |   0.0 |       0 |       7 |   0.0 |   281
           D:7 |       0 |     347 |   0.0 |       0 |      13 |   0.0 |   303
           D:8 |       0 |     267 |   0.0 |       0 |       9 |   0.0 |   215
           D:9 |       0 |    1102 |   0.0 |       0 |      21 |   0.0 |   452
          D:10 |       0 |    1665 |   0.0 |       0 |       3 |   0.0 |   132
               +---------+---------+-------+---------+---------+-------+---------
